 Dungeon Crawl Stone Soup version 0.32-a0-732-ga344392067 (webtiles) character file.

Game seed: 8686878039121765890

319120 Xavori the Spry (level 22, -25/118 (159) HPs)
             Began as a Djinni Chaos Knight on Mar 16, 2024.
             Was a Favourite Plaything of Xom.
             Killed from afar by an ancient champion (34 damage)
             ... with an iron shot
             ... on level 1 of the Crypt.
             The game lasted 01:31:39 (55170 turns).

Xavori the Spry (Djinni Chaos Knight)              Turns: 55170, Time: 01:31:40

HP:   -25/118 (159) AC: 23    Str:  6 (7)  XL:     22   Next: 81%
Gold: 2734          EV: 16    Int: 23      God:    Xom [.....*] SH: 24 Dex: 24

rFire   + + +        K - +5 scimitar of Actus Reus {venom, rCorr Dex+4 Stlth-}
rCold   . . .        D - +5 kite shield "Ryxux" {rF+ Int+3 Slay+3 SInv}
rNeg    + . .        f - +3 ring mail "Noajus" {rElec Slay+3}
rPois   ∞            y - +1 hat
rElec   +            P - +0 cloak
rCorr   +            g - +2 pair of gloves {Dex+3}
SInv    +            (boots unavailable)
Will    ++++.        i - amulet of reflection Stlth
                     F - ring of Oryi {rC+ rN+ Will+ Str-4 Slay+4}
HPRegen 1.19/turn    Z - ring "Osontigu" {rPois rC+ Will+ Str-3}
MPRegen 0.00/turn

%: reflection, infuse magic (-26 HP)
@: on blink cooldown, flying, slightly contaminated, hasted, studying 2 skills,
very heavily drained, very quick
A: sickness immunity, fire resistance 3, cold vulnerability 2, float, innate
caster, HP casting, extra vitality 1, iridescent scales 3, clever 1, sense
surroundings 1, regeneration 1, wild magic 1, MP-powered wands, persistent drain
}: 1/15 runes: serpentine
a: Renounce Religion


You were on level 1 of the Crypt.
You worshipped Xom.
You were Xom's teddy bear.
You visited 7 branches of the dungeon, and saw 34 of its levels.
You visited the Abyss 1 time.
You also visited: Trove, Sewer, Bailey and Ice Cave.

You collected 5534 gold pieces.
You spent 2800 gold pieces at shops.

Inventory:

Hand Weapons
 K - the +5 scimitar of Actus Reus (weapon) {venom, rCorr Dex+4 Stlth-}
   (Xom gifted it to you in a bailey)

   Dex+4:     It affects your dexterity (+4).
   rCorr:     It protects you from acid and corrosion.
   Stlth-:    It makes you less stealthy.
Armour
 b - the +2 robe of Fedhas's Respect {Int+9 Stlth-}
   (You took it off Boris on level 1 of the Vaults)

   Int+9:     It affects your intelligence (+9).
   Stlth-:    It makes you less stealthy.
 f - the +3 ring mail "Noajus" (worn) {rElec Slay+3}
   (You found it on level 2 of the Snake Pit)

   Slay+3:    It affects your accuracy & damage with ranged weapons and melee
   (+3).
   rElec:     It insulates you from electricity.
 g - a +2 pair of gloves of dexterity (worn)
 y - a +1 hat (worn)
 D - the +5 kite shield "Ryxux" (worn) {rF+ Int+3 Slay+3 SInv}
   (You found it on level 3 of the Elven Halls)

   Int+3:     It affects your intelligence (+3).
   Slay+3:    It affects your accuracy & damage with ranged weapons and melee
   (+3).
   rF+:       It protects you from fire.
   SInv:      It lets you see invisible.
 M - the +5 scale mail of Grim Joy {Str+3}
   (Xom gifted it to you on level 2 of the Orcish Mines)

   Str+3:     It affects your strength (+3).
 P - a +0 cloak (worn)
Jewellery
 i - an amulet of reflection (around neck)
 C - a ring of positive energy
 F - the ring of Oryi (left hand) {rC+ rN+ Will+ Str-4 Slay+4}
   (You acquired it on level 1 of the Elven Halls)

   [ring of slaying]

   Str-4:     It affects your strength (-4).
   Slay+4:    It affects your accuracy & damage with ranged weapons and melee
   (+4).
   rC+:       It protects you from cold.
   rN+:       It protects you from negative energy.
   Will+:     It increases your willpower.
 G - an amulet of regeneration
 I - a ring of resist corrosion
 T - an amulet of faith
 V - a +6 ring of strength
 Z - the ring "Osontigu" (right hand) {rPois rC+ Will+ Str-3}
   (You found it on level 3 of the Lair of Beasts)

   [ring of willpower]

   Str-3:     It affects your strength (-3).
   rC+:       It protects you from cold.
   rPois:     It protects you from poison.
   Will+:     It increases your willpower.
Wands
 e - a wand of charming (62)
 l - a wand of mindburst (39)
 u - a wand of flame (103)
 x - a wand of iceblast (18)
 A - a wand of polymorph (16)
 Q - a wand of quicksilver (19)
 U - a wand of digging (15)
Scrolls
 c - 4 scrolls of butterflies
 j - 11 scrolls of amnesia
 n - 3 scrolls of fear
 o - 11 scrolls of teleportation
 r - 2 scrolls of blinking
 s - 4 scrolls of enchant weapon
 t - 6 scrolls of poison
 v - 6 scrolls of brand weapon
 z - a scroll of torment
 E - 4 scrolls of fog
 H - 16 scrolls of identify
 L - 2 scrolls of enchant armour
 R - 4 scrolls of revelation
 W - a scroll of silence
Potions
 a - 3 potions of mutation
 d - 2 potions of magic {unknown}
 h - 12 potions of enlightenment
 k - 15 potions of curing
 m - 5 potions of haste
 p - 4 potions of brilliance
 q - 3 potions of cancellation
 w - 6 potions of lignification
 B - 3 potions of invisibility
 J - a potion of berserk rage
 N - 2 potions of heal wounds
 S - 5 potions of might
 X - a potion of attraction
Miscellaneous
 O - a lightning rod (1/4)
 Y - a phial of floods


   Skills:
 + Level 14.5 Fighting
 + Level 13.4 Long Blades
 + Level 14.3 Armour
 + Level 15.6 Dodging
 * Level 12.3 Shields
 * Level 14.5 Spellcasting
 * Level 14.5 Conjurations
 * Level 14.5 Hexes
 * Level 14.5 Summonings
 * Level 14.5 Necromancy
 * Level 14.5 Translocations
 * Level 14.5 Fire Magic
 * Level 14.5 Ice Magic
 * Level 14.5 Air Magic
 * Level 14.5 Earth Magic
 * Level 14.5 Alchemy
 - Level 13.7 Evocations
 * Level 5.8 Shapeshifting


You knew the following spells:

 Your Spells              Type           Power      Damage    Failure   Level
a - Apportation           Tloc           100%       N/A       1%          1
b - Blink                 Tloc           100%       N/A       1%          2
c - Gell's Gravitas       Tloc           83%        N/A       1%          3
d - Passage of Golubria   Tloc           83%        N/A       1%          4
e - Irradiate             Conj/Alch      41%        3d25      4%          5
f - Summon Mana Viper     Hex/Summ       83%        N/A       4%          5
g - Eringya's Noxious Bo  Alch           41%        4d6       19%         6
h - Dispersal             Tloc           41%        N/A       19%         6
i - Sculpt Simulacrum     Ice/Alch       41%        N/A       19%         6
j - Haunt                 Necr/Summ      41%        N/A       65%         7
Your spell library was empty.

Dungeon Overview and Level Annotations

Branches:
Dungeon (15/15)            Temple (0/1) D:6            Lair (5/5) D:8
 Shoals (0/4) Lair:3        Snake (4/4) Lair:2        Slime (0/5) Lair:4
    Orc (2/2) D:11            Elf (3/3) Orc:2        Vaults (3/5) D:13
  Crypt (2/3) Vaults:3     Depths (0/4) D:15          Sewer (visited)
 Bailey (visited)           IceCv (visited)

Altars:
Ashenzari
Cheibriados
Elyvilon
Fedhas
Gozag
Hepliaklqana
Makhleb
Nemelex Xobeh
Okawaru
Ru
Wu Jian
Xom
Zin
Beogh
Jiyva

Shops:
D:1 ?   D:6 ??!   D:15 *   Orc:2 ([*(   Elf:1 =?:(   Snake:2 =::?   Snake:4 (
Vaults:1 [!*(!   Vaults:2 [

Annotations:
D:9 exclusion: orange crystal statue
Snake:1 Roxanne
Vaults:1 2 transporters, exclusion: obsidian statue


Innate Abilities, Weirdness & Mutations

You are immune to sickness and miasma.
You are immune to poison.
Your flesh is almost immune to the effects of heat. (rF+++)
You are very vulnerable to cold. (rC--)
You float through the air rather than walking.
You learn spells naturally, not from books.
Your magical power is your life essence.
You have superior vitality. (+4 MHP)
You are completely covered in iridescent scales. (AC +6)
Your mind is acute. (Int +4, Str/Dex -1)
You passively map a small area around you.
Your natural rate of healing is unusually fast.
Your spells are a little harder to cast, but a little more powerful.
You expend health (3 HP) to strengthen your wands.
Your health recovers twice as slowly from being drained.


Message History

Casting: Eringya's Noxious Bog (dangerous; 19% risk of failure)
Confirm with . or Enter, or press ? or * to list all spells.
You erupt in a fountain of uncontrolled magic!
The ancient champion is blasted with magical radiation!!
The ancient champion is severely damaged.
You are very lightly contaminated with residual magic.
The ancient champion barely misses you.
Unknown command.
Casting: Irradiate (dangerous; 4% risk of failure)
Confirm with . or Enter, or press ? or * to list all spells.
You erupt in a fountain of uncontrolled magic!
The ancient champion is blasted with magical radiation.
You are lightly contaminated with residual magic.
You block the ancient champion's attack.
Unknown command.
Unknown command.
You closely miss the ancient champion.
The ancient champion is heavily damaged.
The ancient champion points at you and mumbles some strange words.
The iron shot hits you!!
* * * LOW HITPOINT WARNING * * *
Xom thinks this is hilarious!
A shower of butterflies erupts from you!
Blink to where?
Press: ? - help, Dir - move target
Okay, then.
Casting: Irradiate (dangerous; 4% risk of failure)
Confirm with . or Enter, or press ? or * to list all spells.
Okay, then.
Casting: Irradiate (dangerous; 4% risk of failure)
Confirm with . or Enter, or press ? or * to list all spells.
You blink.
* * * LOW HITPOINT WARNING * * *
Okay, then.
Okay, then.
You feel yourself speed up.
The ancient champion casts a spell at you.
The iron shot hits you!!
You die...
Xom laughs nastily!

........................⌠......##
...............................##
...................###[....###.##
..................##..#...#..##..
..................#...#...#(..#..
..................#<.##...##.>###
..................#####....####
......................##....#
......).........@.....###...#
................b.....# ##..#
......................# #..#
....................z.# #..#
...................b.§# #..#
..............[.......# #..#
.....................#####..#####
.................................
.....................#######.###'


You could see an ancient champion (fast, ally target).

Vanquished Creatures
  Boris (thrice) (Vaults:1 Vaults:2 Vaults:3)
  A shard shrike zombie (Crypt:1)
  4 deep elf blademasters
  Asterion (Elf:2)
  4 deep elf master archers (Elf:3)
  A tengu reaver (Vaults:3)
  A revenant (Crypt:1)
  A storm dragon (D:14)
  A nagaraja (Snake:4)
  A fire giant (Vaults:3)
  7 deep elf sorcerers
  7 vault wardens
  2 caustic shrike zombies (Crypt:1)
  2 orc warlords
  A very ugly thing (Vaults:3)
  2 formless jellyfish
  4 ironbound thunderhulks
  6 ironbound preservers
  4 deep elf death magi
  A spark wasp (Elf:3)
  2 deep elf demonologists
  8 dire elephants (Vaults:3)
  A vampire knight (Crypt:1)
  A war gargoyle (Vaults:2)
  8 deep elf annihilators
  4 eidola (Crypt:1)
  The ghost of cojito the Fighter, a journeyman MDMo of Cheibriados (Lair:2)
  2 entropy weavers
  2 crystal guardians
  5 yaktaur captains
  5 great orbs of eyes
  3 salamander tyrants (Snake:4)
  A fire dragon (Lair:5)
  A hydra (shapeshifter) (Vaults:3)
  6 vault guards
  An ogre mage (D:13)
  3 deep elf high priests
  The ghost of Zoisal the Eclecticist, a journeyman DEHW of Vehumet (D:14)
  Fannar (Lair:1)
  2 peacekeepers
  2 hydras
  6 boulder beetles
  7 centaur warriors
  4 death knights
  An alligator (shapeshifter) (Vaults:2)
  30 dancing weapons
  4 ironbound frosthearts (Vaults:1)
  A spriggan skeleton (Crypt:1)
  6 two-headed ogres
  16 anacondas
  A tengu warrior (D:14)
  2 death yaks (Lair:4)
  A deep troll earth mage (D:15)
  5 orc high priests (Orc:2)
  Urug (D:13)
  3 vampire magi
  Sonja (D:12)
  8 naga warriors
  9 shock serpents
  4 naga sharpshooters
  14 deep elf knights
  A wretched star (Abyss:4)
  Lodul (D:14)
  Amaemon (Lair:1)
  A skyshark (Lair:5)
  3 salamander mystics (Snake:4)
  A golden dragon zombie (Crypt:1)
  17 deep trolls
  7 skeletal warriors
  A flayed ghost (Crypt:1)
  2 glowing orange brains (Vaults:1)
  6 arcanists
  A swamp dragon (shapeshifter) (D:13)
  24 deep elf archers
  A sun moth (Lair:4)
  9 mana vipers
  A thermic dynamo (Elf:1)
  3 orc knights
  A harpy (Vaults:3)
  2 naga ritualists
  11 ironbound convokers
  18 deep elf zephyrmancers
  4 necromancers
  7 lindwurms
  3 phantasmal warriors
  26 deep elf pyromancers
  5 orc sorcerers (Orc:2)
  5 large abominations
  12 ugly things
  6 cyclopes
  6 centaur zombies (D:12)
  4 manticores
  An oklob plant (Lair:3)
  14 salamanders
  15 elephants
  A meliai (Elf:2)
  7 guardian serpents
  14 vault sentinels
  2 molten gargoyles (Lair:5)
  A naga zombie (Crypt:1)
  43 black mambas
  8 cane toads
  13 naga magi
  2 gargoyles
  12 centaur skeletons
  A dire elephant skeleton (Crypt:1)
  An orange demon (Lair:1)
  A kobold demonologist (Bailey)
  2 rime drakes
  3 unseen horrors
  12 komodo dragons
  2 efreet
  An alligator snapping turtle skeleton (Crypt:1)
  A yaktaur (shapeshifter) (D:14)
  14 yaktaurs
  10 freezing wraiths
  A tengu conjurer (D:13)
  A purple draconian skeleton (Crypt:1)
  2 trolls
  2 polar bears
  A wind drake (Lair:3)
  2 harpy zombies (Crypt:1)
  3 harpy skeletons (Crypt:1)
  A tyrant leech (Snake:4)
  A meliai zombie (D:12)
  A glass eye (Snake:4)
  12 blink frogs
  11 slime creatures
  Sigmund (D:6)
  7 shadows
  A vampire (D:13)
  4 air elementals
  5 small abominations (D:12)
  A water elemental (Elf:3)
  5 wyverns
  7 humans (D:13)
  41 yaks
  10 wraiths
  3 fire elementals
  Grum (D:11)
  7 basilisks
  7 wargs (Orc:2)
  6 vampire mosquitoes
  3 steam dragons
  3 redbacks
  A harpy simulacrum (IceCv)
  2 acid dragons
  25 nagas
  12 water moccasins
  2 water moccasins (shapeshifter)
  4 hell hounds (Lair:5)
  9 laughing skulls
  29 orc warriors
  A swamp dragon zombie (Crypt:1)
  A black bear (D:4)
  2 centaurs (D:9)
  A dream sheep skeleton (Crypt:1)
  11 ogres
  9 wolves
  A phantom (D:5)
  3 kobold brigands
  11 bullfrogs
  2 scorpions
  5 earth elementals
  6 wights
  A troll zombie (Crypt:1)
  4 killer bees (D:7)
  A polar bear zombie (Crypt:1)
  3 electric eels (Bailey)
  5 lava snakes (Lair:5)
  3 hounds
  A jelly (Lair:2)
  2 bombardier beetles (D:4)
  22 orc priests
  An iron imp (D:7)
  A sleepcap (D:2)
  Ijyb (D:3)
  3 iguanas
  21 orc wizards
  3 hell rats (Lair:1)
  10 gnolls
  6 adders
  2 river rats (Sewer)
  2 shadow imps
  5 ufetubi (D:7)
  4 dart slugs
  4 ribbon worms
  92 orcs
  12 ball pythons
  12 endoplasms
  5 giant cockroaches
  19 goblins
  11 hobgoblins
  2 jackals (D:5)
  6 quokkas
  2 bats
  3 frilled lizards
  15 kobolds
  An orc zombie (Crypt:1)
  8 rats
  A butterfly (Lair:5)
1190 creatures vanquished.

Vanquished Creatures (collateral kills)
  Jorgrun (D:15)
  A deep elf sorcerer (Elf:3)
  A vampire knight (Crypt:1)
  Josephine (Lair:3)
  2 vault guards (D:13)
  2 hydras
  A death yak (Lair:4)
  A salamander mystic (Snake:2)
  A large abomination (D:12)
  An arcanist (Vaults:3)
  A manticore (D:15)
  A salamander (Snake:2)
  3 elephants (Lair:4)
  A guardian serpent (Snake:1)
  A yaktaur (D:13)
  A komodo dragon (Lair:4)
  Jeremiah (D:6)
  5 blink frogs
  A slime creature (Lair:2)
  3 yaks
  2 wraiths
  A human (D:13)
  A redback (Vaults:2)
  A warg (Orc:2)
  A vampire mosquito (D:15)
  2 nagas
  3 ogres
  A small abomination (D:12)
  A centaur (D:5)
  2 kobold brigands (Sewer)
  A centaur skeleton (Crypt:1)
  An orc priest (D:9)
  2 adders
  A ribbon worm (Sewer)
  7 orcs
  An endoplasm (Sewer)
  A giant cockroach (D:5)
  A hobgoblin (Bailey)
  A kobold (Sewer)
61 creatures vanquished.

Vanquished Creatures (others)
  2 dancing weapons
  2 deep elf knights
  2 deep elf pyromancers (Elf:2)
  A yak (Lair:1)
  A warg (Orc:2)
  A naga (Snake:1)
  An orc priest (Orc:2)
  A hell rat (Lair:1)
  An orc (D:4)
12 creatures vanquished.

Grand Total: 1263 creatures vanquished

Notes
Turn   | Place    | Note
-------+----------+-------------------------------------------
     0 | D:1      | Xavori the Djinni Chaos Knight began the quest for the Orb.
     0 | D:1      | Reached XP level 1. HP: 20/20 MP: 0/0
    11 | D:1      | Found Ynup's Magic Scroll Emporium.
    68 | D:1      | XOM: smoke on damage
   129 | D:1      | Reached XP level 2. HP: 25/25 MP: 0/0
   536 | D:1      | Found a faded altar of an unknown god.
   723 | D:1      | Reached skill level 1 in Spellcasting
   723 | D:1      | Reached skill level 1 in Conjurations
   723 | D:1      | Reached skill level 1 in Hexes
   723 | D:1      | Reached skill level 1 in Summonings
   723 | D:1      | Reached skill level 1 in Necromancy
   723 | D:1      | Reached skill level 1 in Translocations
   723 | D:1      | Reached skill level 1 in Fire Magic
   723 | D:1      | Reached skill level 1 in Ice Magic
   723 | D:1      | Reached skill level 1 in Air Magic
   723 | D:1      | Reached skill level 1 in Earth Magic
   723 | D:1      | Reached skill level 1 in Alchemy
   723 | D:1      | Reached XP level 3. HP: 30/30 MP: 0/0
   723 | D:1      | Learned a level 1 spell: Apportation
  1704 | D:1      | XOM: divination: magic mapping
  1969 | D:1      | XOM: divination: detect items
  2194 | D:1      | XOM: god gift: ring mail {god gift}
  3489 | D:1      | XOM: silly message
  4182 | D:1      | XOM: give mutations
  4182 | D:1      | Gained mutation: You have hidden genetic potential. [Xom's
                  | grace]
  4182 | D:1      | Gained mutation: You have a pair of small horns on your
                  | head. [Xom's grace]
  4182 | D:1      | Lost mutation: You have hidden genetic potential. [Xom's
                  | grace]
  4182 | D:1      | Gained mutation: You are somewhat resistant to further
                  | mutation. [Xom's grace]
  5107 | D:1      | XOM: scenery: create altars
  5276 | D:1      | XOM: god gift: +0 pair of gloves of dexterity
  6323 | D:1      | XOM: stat loss: -1 Str (10/11)
  7078 | D:1      | XOM is BORED!
  7078 | D:1      | XOM: give mutation
  7078 | D:1      | Gained mutation: You do not regenerate when monsters are
                  | visible. [Xom's mischief]
  7178 | D:1      | XOM: summons 3 hostile shadow creatures
  8377 | D:1      | XOM: silly message
  8578 | D:1      | XOM: silly message
  9203 | D:1      | XOM: divination: magic mapping
  9377 | D:1      | XOM: god gift: fuming amethyst potion {god gift}
  9511 | D:1      | XOM: stat loss: -1 Str (9/11)
  9653 | D:2      | Reached XP level 4. HP: 28/35 MP: 0/0
 10249 | D:1      | Bought a scroll of identify for 26 gold pieces
 10249 | D:1      | Bought a scroll of teleportation for 39 gold pieces
 10453 | D:3      | Noticed a scorpion
 10488 | D:3      | You are sucked into a shaft and drop 3 floors!
 10489 | D:6      | Found Munerph's Jewellery Emporium.
 10510 | D:6      | Noticed a bullfrog
 10513 | D:5      | Entered Level 5 of the Dungeon
 10518 | D:5      | Killed a bullfrog
 10519 | D:5      | Reached skill level 3 in Dodging
 10519 | D:5      | Reached XP level 5. HP: 31/40 MP: 0/0
 10519 | D:5      | Learned a level 2 spell: Blink
 10547 | D:5      | Found an ornate altar of the Wu Jian Council.
 10626 | D:5      | Found a glowing drain.
 10653 | D:5      | Noticed a centaur
 10659 | D:5      | Noticed an ogre
 10663 | D:5      | Reached XP level 6. HP: 33/47 MP: 0/0
 10668 | D:5      | XOM: cast spell 'Summon Hydra'
 10673 | D:5      | Killed an ogre
 10674 | D:5      | Reached XP level 7. HP: 34/51 MP: 0/0
 10674 | D:5      | Learned a level 3 spell: Gell's Gravitas
 10711 | Sewer    | Entered a sewer
 11064 | Sewer    | XOM: cast spell 'Summon Ice Beast'
 11191 | Sewer    | Reached skill level 4 in Dodging
 11302 | Sewer    | XOM: snakes to sticks
 11647 | D:5      | Reached XP level 8. HP: 52/58 MP: 0/0
 11703 | D:5      | a black bear changed into a shapeshifter
 11703 | D:5      | Noticed a shapeshifter (shapeshifter)
 11703 | D:5      | XOM: polymorph black bear -> shapeshifter
 11703 | D:5      | a shapeshifter changed into a water moccasin
 11710 | D:5      | XOM: fog
 11773 | D:4      | XOM: destruction
 11990 | D:3      | Found a broken altar of Ashenzari.
 12261 | D:3      | Noticed Ijyb
 12276 | D:3      | Killed Ijyb
 12695 | D:3      | Found a hazy altar of Hepliaklqana.
 13151 | D:4      | Found a sparkling altar of Nemelex Xobeh.
 13259 | D:4      | XOM: give mutation
 13259 | D:4      | Gained mutation: Your muscles are strong. (Str +4, Int/Dex
                  | -1) [Xom's mischief]
 13400 | D:4      | Reached skill level 1 in Evocations
 13796 | D:5      | XOM: give mutation
 13796 | D:5      | Gained mutation: Your skin changes colour to match your
                  | surroundings (Stealth+). [Xom's mischief]
 13886 | D:5      | XOM: silly message
 14109 | D:5      | XOM: stat loss: -1 Dex (16/17)
 14122 | D:6      | Found a staircase to the Ecumenical Temple.
 14122 | D:6      | Noticed Sigmund
 14135 | D:6      | Killed Sigmund
 14136 | D:6      | Reached skill level 5 in Fighting
 14136 | D:6      | Reached skill level 5 in Dodging
 14136 | D:6      | Reached XP level 9. HP: 58/65 MP: 0/0
 14136 | D:6      | Learned a level 4 spell: Passage of Golubria
 14185 | D:6      | Found a snail-covered altar of Cheibriados.
 14194 | D:6      | Noticed Jeremiah
 14196 | D:6      | XOM: fog
 14202 | D:6      | Killed Jeremiah
 14450 | D:6      | XOM: chaos upgrade
 14783 | D:6      | Found Coesm's Magic Scroll Shop.
 14786 | D:6      | Bought a scroll of identify for 24 gold pieces
 14786 | D:6      | Bought a scroll of identify for 24 gold pieces
 14786 | D:6      | Bought a scroll of identify for 24 gold pieces
 14786 | D:6      | Bought a scroll of enchant weapon for 90 gold pieces
 14786 | D:6      | Bought a scroll of teleportation for 36 gold pieces
 14925 | D:6      | XOM: cloud trail
 14994 | D:6      | Found Xiukud's Distillery.
 15035 | D:6      | Found an opulent altar of Gozag.
 15053 | D:6      | XOM: silly message
 15092 | D:6      | Found Aguaxed's Jewellery Shoppe.
 15098 | D:6      | Found Cumusk's Magic Scroll Boutique.
 15639 | D:7      | Reached skill level 5 in Spellcasting
 15639 | D:7      | Reached skill level 5 in Conjurations
 15639 | D:7      | Reached skill level 5 in Hexes
 15639 | D:7      | Reached skill level 5 in Summonings
 15639 | D:7      | Reached skill level 5 in Necromancy
 15639 | D:7      | Reached skill level 5 in Translocations
 15639 | D:7      | Reached skill level 5 in Fire Magic
 15639 | D:7      | Reached skill level 5 in Ice Magic
 15639 | D:7      | Reached skill level 5 in Air Magic
 15639 | D:7      | Reached skill level 5 in Earth Magic
 15639 | D:7      | Reached skill level 5 in Alchemy
 15644 | D:7      | Reached skill level 5 in Long Blades
 16046 | D:7      | Found a glowing silver altar of Zin.
 16304 | D:7      | Found an iron altar of Okawaru.
 16346 | D:7      | Found a burning altar of Makhleb.
 16454 | D:7      | XOM: god gift: 32 gold pieces
 16578 | D:8      | Found a sacrificial altar of Ru.
 16587 | D:8      | XOM: 4-stop teleportation journey
 16592 | D:8      | XOM: enchant monster (good)
 16622 | D:8      | XOM: give mutations
 16622 | D:8      | Gained mutation: You possess an exceptional clarity of
                  | mind. [Xom's grace]
 16622 | D:8      | Gained mutation: Your mind is acute. (Int +4, Str/Dex -1)
                  | [Xom's grace]
 16718 | D:8      | XOM: divination: detect items
 16737 | D:8      | Reached XP level 10. HP: 40/72 MP: 0/0
 16745 | D:8      | Found a flagged portal.
 16921 | Bailey   | Entered a bailey
 16941 | Bailey   | Reached skill level 5 in Armour
 17158 | Bailey   | Noticed a kobold demonologist
 17168 | Bailey   | Noticed a sixfirhy
 17181 | Bailey   | Noticed an orange demon
 17182 | Bailey   | Reached skill level 6 in Dodging
 17603 | Bailey   | XOM: cast spell 'Summon Mana Viper'
 17694 | Bailey   | XOM: cleaving
 17695 | Bailey   | XOM: confuse monster(s)
 17701 | Bailey   | Reached skill level 5 in Evocations
 17877 | Bailey   | XOM: cleaving
 18024 | Bailey   | XOM: summons friendly white imp
 18176 | Bailey   | Found an iron altar of Okawaru.
 18178 | Bailey   | Noticed a kobold demonologist
 18178 | Bailey   | XOM: summons 2 friendly demons
 18180 | Bailey   | Noticed an ice devil
 18184 | Bailey   | Noticed a sixfirhy
 18293 | Bailey   | Noticed a smoke demon
 18294 | Bailey   | Killed a kobold demonologist
 18345 | Bailey   | XOM: god gift: ebony scimitar {god gift}
 18345 | Bailey   | Identified the +5 scimitar of Actus Reus {venom, rCorr
                  | Dex+4 Stlth-} (Xom gifted it to you in a bailey)
 18806 | D:8      | XOM: god gift: lightning rod (4/4)
 18839 | D:8      | XOM: summons friendly crimson imp
 18926 | D:8      | Identified the +1 leather armour of Xitesal {Slay+5}
 18954 | D:8      | Found a staircase to the Lair.
 18958 | D:8      | XOM: polymorph crimson imp -> ynoxinul
 19166 | D:8      | Acquired 943 gold pieces
 19240 | D:6      | XOM: divination: detect creatures
 19249 | D:6      | XOM: chaos upgrade
 19255 | D:6      | Bought a scroll of enchant weapon for 90 gold pieces
 19311 | D:6      | Bought a scroll of teleportation for 42 gold pieces
 19311 | D:6      | Bought a scroll of teleportation for 42 gold pieces
 19311 | D:6      | Bought a scroll of teleportation for 42 gold pieces
 19384 | D:9      | Noticed an orange crystal statue
 19731 | D:9      | XOM: 1-stop teleportation journey
 19934 | D:9      | XOM: give mutations
 19934 | D:9      | Lost mutation: Your mind is acute. (Int +4, Str/Dex -1)
                  | [Xom's mischief]
 19934 | D:9      | Gained mutation: You occasionally lose the ability to read
                  | scrolls when taking damage. [Xom's mischief]
 19934 | D:9      | Lost mutation: You occasionally lose the ability to read
                  | scrolls when taking damage. [Xom's mischief]
 20024 | D:9      | Found a white marble altar of Elyvilon.
 20039 | D:9      | XOM: scenery: 1 doors close
 20080 | D:9      | Found a blossoming altar of Fedhas.
 20135 | D:9      | Reached XP level 11. HP: 62/78 MP: 0/0
 20135 | D:9      | Learned a level 5 spell: Irradiate
 20518 | D:10     | Entered Level 10 of the Dungeon
 20675 | D:10     | Reached skill level 7 in Dodging
 20769 | D:10     | XOM: summons 3 hostile demons
 20836 | D:10     | XOM: smoke on damage
 21008 | D:10     | XOM: give mutations
 21008 | D:10     | Lost mutation: You possess an exceptional clarity of mind.
                  | [Xom's mischief]
 21008 | D:10     | Gained mutation: You are clumsy. (Dex -2) [Xom's mischief]
 21008 | D:10     | Gained mutation: You sometimes lose your temper in combat.
                  | [Xom's mischief]
 21008 | D:10     | Lost mutation: You are clumsy. (Dex -2) [Xom's mischief]
 21049 | D:10     | Found a portal to a secret trove of treasure.
 21051 | D:10     | XOM: noise
 21281 | D:10     | Noticed a two-headed ogre
 21288 | D:10     | Killed a two-headed ogre
 21442 | D:10     | XOM: divination: magic mapping
 21472 | D:10     | Lost mutation: You do not regenerate when monsters are
                  | visible. [potion of mutation]
 21472 | D:10     | Lost mutation: You are somewhat resistant to further
                  | mutation. [potion of mutation]
 21472 | D:10     | Lost mutation: You have a pair of small horns on your head.
                  | [potion of mutation]
 21472 | D:10     | Gained mutation: You are covered in fur. (AC +1) [potion of
                  | mutation]
 21472 | D:10     | Lost mutation: You sometimes lose your temper in combat.
                  | [potion of mutation]
 21518 | D:11     | XOM: divination: detect creatures
 21524 | D:11     | XOM: enchant monster (good)
 21585 | D:11     | XOM: summons 5 friendly demons
 21833 | D:11     | Noticed Grum
 21852 | D:11     | Killed Grum
 21935 | D:11     | XOM: god gift: leather armour {god gift}
 21943 | D:11     | Noticed a manticore
 21944 | D:11     | XOM: summons friendly quasit
 21953 | D:11     | Killed a manticore
 22050 | D:10     | XOM: divination: magic mapping
 22099 | D:10     | XOM: silly message
 22284 | D:11     | Reached XP level 12. HP: 73/85 MP: 0/0
 22355 | D:11     | XOM: cloud trail
 22369 | D:11     | Identified the +0 scale mail of Benit {rF+ SInv}
 22402 | D:11     | XOM: god gift: scroll of blinking
 22556 | D:11     | Found a staircase to the Orcish Mines.
 22787 | Lair:1   | Entered Level 1 of the Lair of Beasts
 22806 | Lair:1   | Noticed Fannar
 22814 | Lair:1   | Killed Fannar
 22882 | Lair:1   | XOM: cast spell 'Summon Horrible Things'
 22933 | Lair:1   | You are sucked into a shaft and drop 1 floor!
 22949 | Lair:2   | XOM: confusion (+ monsters)
 22960 | Lair:2   | Reached skill level 8 in Dodging
 22985 | Lair:2   | Noticed a six-headed hydra
 22989 | Lair:2   | XOM: smoke on damage
 22992 | Lair:2   | Killed a six-headed hydra
 23000 | Lair:2   | XOM: enchant monster (bad)
 23303 | Lair:1   | Noticed Amaemon
 23304 | Lair:1   | XOM: 1-stop teleportation journey
 23312 | Lair:1   | XOM: god gift: staff of air
 23322 | Lair:1   | XOM: enchant monster (bad)
 23323 | Lair:1   | XOM: 1-stop teleportation journey
 23369 | Lair:1   | XOM: give mutations
 23369 | Lair:1   | Gained mutation: Your mind is acute. (Int +4, Str/Dex -1)
                  | [Xom's mischief]
 23369 | Lair:1   | Gained mutation: You are agile. (Dex +4, Str/Int -1) [Xom's
                  | mischief]
 23369 | Lair:1   | Lost mutation: Your skin changes colour to match your
                  | surroundings (Stealth+). [Xom's mischief]
 23730 | Lair:1   | Killed Amaemon
 23730 | Lair:1   | XOM: give mutations
 23730 | Lair:1   | Gained mutation: You are robust. (+10% HP) [Xom's mischief]
 23730 | Lair:1   | Gained mutation: You have supernaturally acute eyesight.
                  | (SInv) [Xom's mischief]
 23914 | Lair:1   | XOM: noise
 23937 | Lair:1   | XOM: swap monsters
 23943 | Lair:1   | XOM: destruction
 24048 | Lair:1   | XOM: summons 4 hostile demons
 24284 | Lair:2   | Found a runed translucent gate.
 24288 | Lair:2   | Found a runed translucent gate.
 24289 | Lair:2   | Found a runed translucent gate.
 24352 | Lair:2   | Noticed a four-headed hydra
 24353 | Lair:2   | XOM: 2-stop teleportation journey
 24454 | Lair:2   | Found a staircase to the Snake Pit.
 24484 | Lair:2   | XOM: torment (53/94 hp)
 24531 | Lair:2   | XOM: give mutations
 24531 | Lair:2   | Gained mutation: Your body sometimes deteriorates upon
                  | taking damage. [Xom's mischief]
 24531 | Lair:2   | Gained mutation: Armour fits poorly on your strangely
                  | shaped body. [Xom's mischief]
 24531 | Lair:2   | Gained mutation: You are very vulnerable to cold. (rC--)
                  | [Xom's mischief]
 24563 | Lair:2   | XOM: chaos cloud
 24564 | Lair:2   | XOM: confusion
 24574 | Lair:2   | a four-headed hydra changed into a great orb of eyes
 24574 | Lair:2   | Noticed a great orb of eyes
 24574 | Lair:2   | XOM: polymorph four-headed hydra -> great orb of eyes
 24584 | Lair:2   | Killed a great orb of eyes
 24590 | Lair:2   | XOM: swap monsters
 24606 | Lair:2   | Reached XP level 13. HP: 101/101 MP: 0/0
 24606 | Lair:2   | Learned a level 5 spell: Summon Mana Viper
 24650 | Lair:2   | XOM: 5-stop teleportation journey
 24729 | Lair:2   | XOM: polymorph blink frog -> redback
 24826 | Lair:2   | Found a viscous altar of Jiyva.
 24826 | Lair:2   | Noticed cojito's ghost (journeyman MDMo)
 25125 | Lair:2   | Killed cojito's ghost
 25255 | Lair:3   | XOM: chaos cloud
 25261 | Lair:3   | XOM: blink monster(s)
 25265 | Lair:3   | XOM: silly message
 25301 | Lair:3   | Noticed Josephine
 25303 | Lair:3   | XOM: noise
 25310 | Lair:3   | XOM: chaos upgrade
 25311 | Lair:3   | XOM: summons 4 friendly demons
 25320 | Lair:3   | Killed Josephine
 25321 | Lair:3   | Reached skill level 9 in Dodging
 25344 | Lair:3   | XOM: swap monsters
 25346 | Lair:3   | Reached skill level 10 in Evocations
 25583 | Lair:3   | Noticed a four-headed hydra
 25597 | Lair:3   | Killed a four-headed hydra
 25613 | Lair:3   | XOM: scenery: create altars
 25714 | Lair:3   | Identified the ring "Osontigu" {rPois rC+ Will+ Str-3}
 25785 | Lair:3   | XOM: enchant monster (good)
 25811 | Lair:3   | XOM: cleaving
 25856 | Lair:3   | Found a staircase to the Shoals.
 25881 | Lair:3   | XOM: enchant monster (good)
 26073 | Lair:3   | Noticed a seven-headed hydra
 26083 | Lair:3   | XOM: god gift: 17 gold pieces
 26084 | Lair:3   | Killed a nine-headed hydra
 26277 | Lair:3   | XOM: god gift: leather armour {god gift}
 26301 | Lair:3   | XOM: give mutations
 26301 | Lair:3   | Gained mutation: You have a beak for a mouth. [Xom's
                  | mischief]
 26301 | Lair:3   | Lost mutation: Armour fits poorly on your strangely shaped
                  | body. [Xom's mischief]
 26301 | Lair:3   | Lost mutation: You are agile. (Dex +4, Str/Int -1) [Xom's
                  | mischief]
 26301 | Lair:3   | Lost mutation: Your muscles are strong. (Str +4, Int/Dex
                  | -1) [Xom's mischief]
 26625 | Lair:4   | Found a viscous altar of Jiyva.
 26626 | Lair:4   | Found a staircase to the Slime Pits.
 26674 | Lair:4   | Reached XP level 14. HP: 97/111 MP: 0/0
 26699 | Lair:4   | XOM: confusion
 26740 | Lair:4   | XOM: stat loss: -1 Str (6/7)
 26793 | Lair:4   | XOM: summons 1 hostile shadow creature
 26796 | Lair:4   | XOM: smoke on damage
 26797 | Lair:4   | XOM: fake destruction
 26798 | Lair:4   | XOM: polymorph mana viper -> quicksilver dragon
 26980 | Lair:4   | XOM: god gift: 4 datura-tipped darts
 27023 | Lair:4   | XOM: summons 5 friendly demons
 27069 | Lair:4   | XOM: polymorph seven-headed hydra -> sun moth
 27101 | Lair:4   | XOM: scenery: create altars
 27372 | Lair:4   | XOM: summons friendly crimson imp
 27452 | Lair:5   | Entered Level 5 of the Lair of Beasts
 27461 | Lair:5   | XOM: god gift: 2 scrolls of fog
 27466 | Lair:4   | Reached skill level 10 in Dodging
 27522 | Lair:5   | XOM: silly message
 27601 | Lair:4   | XOM: confusion
 27606 | Lair:4   | XOM: enchant monster (bad)
 27651 | Lair:5   | XOM: polymorph elephant -> death yak
 27653 | Lair:4   | XOM: summons 4 hostile shadow creatures
 27791 | Lair:4   | XOM: scenery: create altars
 28080 | Lair:5   | XOM is BORED!
 28080 | Lair:5   | XOM: confusion (+ monsters)
 28180 | Lair:5   | XOM: smoke on damage
 28183 | Lair:5   | XOM: 1-stop teleportation journey
 28191 | Lair:5   | XOM: summons 8 hostile demons
 28215 | Lair:5   | XOM: potion effect (haste)
 28223 | Lair:5   | XOM: potion effect (attraction)
 28406 | Lair:4   | Reached skill level 10 in Fighting
 28406 | Lair:4   | Reached skill level 10 in Spellcasting
 28406 | Lair:4   | Reached skill level 10 in Conjurations
 28406 | Lair:4   | Reached skill level 10 in Hexes
 28406 | Lair:4   | Reached skill level 10 in Summonings
 28406 | Lair:4   | Reached skill level 10 in Necromancy
 28406 | Lair:4   | Reached skill level 10 in Translocations
 28406 | Lair:4   | Reached skill level 10 in Fire Magic
 28406 | Lair:4   | Reached skill level 10 in Ice Magic
 28406 | Lair:4   | Reached skill level 10 in Air Magic
 28406 | Lair:4   | Reached skill level 10 in Earth Magic
 28406 | Lair:4   | Reached skill level 10 in Alchemy
 28406 | Lair:4   | Reached XP level 15. HP: 117/117 MP: 0/0
 28406 | Lair:4   | Learned a level 6 spell: Eringya's Noxious Bog
 28407 | Lair:4   | Reached XP level 16. HP: 124/124 MP: 0/0
 28481 | Lair:5   | XOM: 3-stop teleportation journey
 28655 | Lair:5   | XOM: destruction
 28714 | Lair:5   | XOM: god gift: book of Decay
 28756 | Lair:5   | Found a large runed translucent door.
 28756 | Lair:5   | Found a large runed translucent door.
 28848 | Lair:5   | Reached skill level 11 in Dodging
 28954 | Lair:5   | XOM is BORED!
 28954 | Lair:5   | XOM: give mutation
 28954 | Lair:5   | Lost mutation: You have supernaturally acute eyesight.
                  | (SInv) [Xom's mischief]
 29485 | Orc:1    | Entered Level 1 of the Orcish Mines
 29629 | Orc:1    | XOM: god gift: 35 gold pieces
 29635 | Orc:1    | Found a roughly hewn altar of Beogh.
 29775 | Orc:2    | Entered Level 2 of the Orcish Mines
 29780 | Orc:2    | Reached skill level 10 in Armour
 29860 | Orc:2    | XOM: give mutations
 29860 | Orc:2    | Gained mutation: Your muscles are strong. (Str +4, Int/Dex
                  | -1) [Xom's grace]
 29860 | Orc:2    | Gained mutation: Your mind is very acute. (Int +8, Str/Dex
                  | -2) [Xom's grace]
 29860 | Orc:2    | Gained mutation: You have hidden genetic potential. [Xom's
                  | grace]
 29892 | Orc:2    | XOM: enchant monster (good)
 29918 | Orc:2    | XOM: enchant monster (good)
 29965 | Orc:2    | XOM: cloud trail
 29984 | Orc:2    | XOM: god gift: polished scale mail {god gift}
 29984 | Orc:2    | Identified the +5 scale mail of Grim Joy {Str+3} (Xom
                  | gifted it to you on level 2 of the Orcish Mines)
 30004 | Orc:2    | Reached XP level 17. HP: 92/132 MP: 0/0
 30004 | Orc:2    | Learned a level 6 spell: Dispersal
 30039 | Orc:2    | XOM: potion effect (attraction)
 30197 | Orc:2    | Found Unamun's Antique Weapon Shop.
 30212 | Orc:2    | Found a roughly hewn altar of Beogh.
 30250 | Orc:2    | XOM: potion effect (haste)
 30263 | Orc:2    | Found Zafycydwo's Weapon Boutique.
 30301 | Orc:2    | Found Noxtacey's Antique Armour Shop.
 30492 | Orc:2    | Found Cuom's General Store.
 30499 | Orc:2    | Bought a potion of haste for 140 gold pieces
 30499 | Orc:2    | Bought a scroll of blinking for 105 gold pieces
 30499 | Orc:2    | Bought a scroll of teleportation for 42 gold pieces
 30665 | Orc:2    | Found a staircase to the Elven Halls.
 31011 | D:12     | XOM: cast spell 'Summon Small Mammal'
 31053 | D:12     | HP: 4/132 [large abomination (23)]
 31216 | D:12     | XOM: divination: detect items
 31381 | D:12     | XOM: divination: detect creatures
 31460 | D:12     | XOM: noise
 31469 | D:12     | XOM: cast spell 'Animate Armour'
 31470 | D:12     | XOM: cast spell 'Iskenderun's Battlesphere'
 31488 | D:12     | XOM: noise
 31515 | D:12     | Noticed Sonja
 31528 | D:12     | XOM: cast spell 'Death Channel'
 31545 | D:12     | XOM: destruction
 31548 | D:12     | XOM: confuse monster(s)
 31698 | D:12     | XOM: noise
 31724 | D:12     | XOM: divination: magic mapping
 31725 | D:12     | XOM: enchant monster (bad)
 31753 | D:12     | Killed Sonja
 31855 | D:12     | XOM: divination: detect items
 32011 | D:12     | Reached skill level 10 in Long Blades
 32144 | D:12     | XOM: silly message
 32235 | D:12     | Identified the ring "Godarato" {Fly Stlth+}
 32284 | D:13     | Noticed Urug
 32285 | D:13     | XOM: silly message
 32287 | D:13     | XOM: divination: detect creatures
 32289 | D:13     | XOM: noise
 32297 | D:13     | Killed Urug
 32431 | D:13     | XOM: silly message
 32643 | D:13     | Found a gate to the Vaults.
 32841 | D:13     | XOM: enchant monster (bad)
 32973 | D:13     | XOM: confuse monster(s)
 33120 | D:13     | XOM: divination: detect creatures
 33139 | D:13     | Gained mutation: Your movements are slightly less
                  | encumbered by armour. (ER -2) [hidden potential]
 33146 | D:13     | XOM: 7-stop teleportation journey
 33148 | D:13     | Reached skill level 1 in Shields
 33551 | D:14     | Noticed Lodul
 33591 | D:14     | XOM: cast spell 'Monstrous Menagerie'
 33593 | D:14     | XOM: scenery: summon butterflies
 33597 | D:14     | Killed Lodul
 33598 | D:14     | Reached skill level 12 in Dodging
 33769 | D:14     | XOM: confuse monster(s)
 33890 | D:13     | XOM: enchant monster (good)
 33899 | D:13     | Reached XP level 18. HP: 86/140 MP: 0/0
 33899 | D:13     | XOM: enchant monster (bad)
 33916 | D:13     | HP: 4/140 [something (19)]
 34134 | D:14     | XOM: noise
 34368 | D:14     | Found a runed translucent door.
 34369 | D:14     | Noticed Zoisal's ghost (journeyman DEHW)
 34602 | D:14     | XOM: give mutation
 34602 | D:14     | Lost mutation: You have hidden genetic potential. [Xom's
                  | grace]
 34602 | D:14     | Gained mutation: You are somewhat resistant to further
                  | mutation. [Xom's grace]
 34621 | D:14     | Killed Zoisal's ghost
 34658 | D:15     | Entered Level 15 of the Dungeon
 34773 | D:14     | XOM: give mutations
 34773 | D:14     | Gained mutation: You are partially covered in iridescent
                  | scales. (AC +2) [Xom's mischief]
 34773 | D:14     | Lost mutation: You are somewhat resistant to further
                  | mutation. [Xom's mischief]
 35139 | D:15     | XOM: scenery: create altars
 35259 | D:15     | Noticed Jorgrun
 35263 | D:15     | XOM: chaos upgrade
 35272 | D:15     | Killed Jorgrun
 35306 | D:15     | XOM: scenery: create altars
 35376 | D:15     | Found Tadghele's General Store.
 35384 | D:15     | Bought a scroll of teleportation for 48 gold pieces
 35588 | D:15     | XOM: enchant monster (good)
 35657 | D:15     | Found a staircase to the Depths.
 35940 | D:8      | XOM: divination: detect creatures
 36005 | Snake:1  | Entered Level 1 of the Snake Pit
 36005 | Snake:1  | Noticed Roxanne
 36246 | Snake:1  | XOM: enchant monster (good)
 36263 | Snake:1  | XOM: divination: detect creatures
 36270 | Snake:1  | XOM: enchant monster (good)
 36275 | Snake:1  | HP: 6/140 [naga mage/+0 spear (3)]
 36297 | Snake:1  | XOM: divination: detect items
 36339 | Snake:1  | Found a glacial archway.
 36349 | IceCv    | Entered an ice cave
 36361 | IceCv    | XOM: summons 3 friendly demons
 36600 | Snake:1  | XOM: 7-stop teleportation journey
 36892 | Snake:1  | XOM: potion effect (brilliance)
 37018 | Snake:1  | XOM: give mutations
 37018 | Snake:1  | Lost mutation: Your movements are slightly less encumbered
                  | by armour. (ER -2) [Xom's mischief]
 37018 | Snake:1  | Lost mutation: You are covered in fur. (AC +1) [Xom's
                  | mischief]
 37236 | Snake:2  | XOM: silly message
 37271 | Snake:2  | Reached skill level 5 in Shields
 37452 | Snake:2  | XOM: potion effect (heal wounds)
 37454 | Snake:2  | XOM: smoke on damage
 37454 | Snake:2  | XOM: noise
 37456 | Snake:2  | XOM: silly message
 37924 | Snake:2  | XOM: noise
 37946 | Snake:2  | XOM: swap monsters
 37956 | Snake:2  | Identified the +3 ring mail "Noajus" {rElec Slay+3}
 38579 | Snake:2  | XOM: give mutation
 38579 | Snake:2  | Gained mutation: Your flesh is almost immune to the effects
                  | of heat. (rF+++) [Xom's mischief]
 38581 | Snake:2  | XOM: give mutations
 38581 | Snake:2  | Lost mutation: Your muscles are strong. (Str +4, Int/Dex
                  | -1) [Xom's mischief]
 38581 | Snake:2  | Gained mutation: You are somewhat resistant to further
                  | mutation. [Xom's mischief]
 38581 | Snake:2  | Lost mutation: You have a beak for a mouth. [Xom's
                  | mischief]
 38581 | Snake:2  | Lost mutation: You are somewhat resistant to further
                  | mutation. [Xom's mischief]
 38741 | Snake:2  | Found Woil's Magic Scroll Shop.
 38750 | Snake:2  | Bought a scroll of fear for 52 gold pieces
 38750 | Snake:2  | Bought a scroll of fear for 52 gold pieces
 38750 | Snake:2  | Bought 3 scrolls of brand weapon for 370 gold pieces
 38796 | Snake:2  | Found Furijat's Book Emporium.
 38797 | Snake:2  | Found Gaeva's Jewellery Shop.
 38799 | Snake:2  | Found Gyxek's Book Emporium.
 38882 | Snake:3  | XOM: chaos cloud
 39034 | Snake:3  | XOM: swap monsters
 39068 | Snake:3  | XOM: summons 3 hostile shadow creatures
 39091 | Snake:3  | XOM: 6-stop teleportation journey
 39465 | Snake:3  | XOM: silly message
 39709 | Snake:3  | XOM: summons 8 hostile demons
 39794 | Snake:4  | Entered Level 4 of the Snake Pit
 39935 | Snake:4  | XOM: 1-stop teleportation journey
 40226 | Snake:4  | XOM: silly message
 40232 | Snake:4  | XOM: polymorph naga warrior -> tyrant leech
 40234 | Snake:4  | Reached XP level 19. HP: 140/148 MP: 0/0
 40234 | Snake:4  | Learned a level 6 spell: Sculpt Simulacrum
 40235 | Snake:4  | XOM: swap monsters
 40358 | Snake:4  | XOM: noise
 40498 | Snake:4  | XOM: give mutations
 40498 | Snake:4  | Lost mutation: Your body sometimes deteriorates upon taking
                  | damage. [Xom's mischief]
 40498 | Snake:4  | Gained mutation: You possess an exceptional clarity of
                  | mind. [Xom's mischief]
 40498 | Snake:4  | Lost mutation: Your mind is very acute. (Int +8, Str/Dex
                  | -2) [Xom's mischief]
 40498 | Snake:4  | Gained mutation: You have a pair of small horns on your
                  | head. [Xom's mischief]
 40600 | Snake:4  | XOM: silly message
 40609 | Snake:4  | Found Tuostrino's Weapon Emporium.
 40867 | Snake:4  | Reached skill level 13 in Dodging
 41187 | Snake:4  | XOM: give mutations
 41187 | Snake:4  | Gained mutation: Your spells are a little harder to cast,
                  | but a little more powerful. [Xom's mischief]
 41187 | Snake:4  | Gained mutation: You do not regenerate when monsters are
                  | visible. [Xom's mischief]
 41316 | Snake:4  | XOM: noise
 41444 | Snake:4  | XOM: enchant monster (bad)
 41452 | Snake:4  | XOM: polymorph naga sharpshooter -> glass eye
 41613 | Snake:4  | XOM: chaos cloud
 41625 | Snake:4  | XOM: silly message
 41941 | Snake:4  | XOM: smoke on damage
 42014 | Snake:4  | XOM: noise
 42139 | Snake:4  | XOM: stat loss: -1 Str (8/9)
 42366 | Snake:4  | XOM: enchant monster (bad)
 42369 | Snake:4  | XOM: silly message
 42370 | Snake:4  | XOM: scenery: 2 doors close
 42544 | Snake:4  | XOM: swap monsters
 42834 | Snake:4  | Got a serpentine rune of Zot
 42991 | Snake:4  | Lost mutation: You do not regenerate when monsters are
                  | visible. [potion of mutation]
 42991 | Snake:4  | Lost mutation: You possess an exceptional clarity of mind.
                  | [potion of mutation]
 42991 | Snake:4  | Lost mutation: You are robust. (+10% HP) [potion of
                  | mutation]
 42991 | Snake:4  | Gained mutation: You possess an exceptional clarity of
                  | mind. [potion of mutation]
 43213 | Elf:1    | Entered Level 1 of the Elven Halls
 43326 | Elf:1    | XOM: summons friendly ufetubus
 43416 | Elf:1    | XOM: cast spell 'Cause Fear'
 43424 | Elf:1    | Found Kedghi Syum's Magic Scroll Shoppe.
 43433 | Elf:1    | XOM: summons friendly crimson imp
 43448 | Elf:1    | Paralysed by an air elemental for 1 turns
 43545 | Elf:1    | Found Kiuc's Antique Weapon Emporium.
 43545 | Elf:1    | Found Baomar's Jewellery Shoppe.
 43552 | Elf:1    | Found Hadad's Book Emporium.
 43858 | Elf:1    | Bought a scroll of acquirement for 832 gold pieces
 43858 | Elf:1    | Acquired the ring of Oryi {rC+ rN+ Will+ Str-4 Slay+4}
 43898 | Elf:1    | XOM: god gift: wand of flame (8)
 44116 | Elf:1    | XOM: cast spell 'Alistair's Intoxication'
 44581 | Orc:2    | XOM: give mutations
 44581 | Orc:2    | Gained mutation: You have sharp fingernails. [Xom's
                  | mischief]
 44581 | Orc:2    | Lost mutation: You have a pair of small horns on your head.
                  | [Xom's mischief]
 44581 | Orc:2    | Lost mutation: Your flesh is almost immune to the effects
                  | of heat. (rF+++) [Xom's mischief]
 44659 | Elf:1    | XOM: polymorph deep elf zephyrmancer -> ogre
 44952 | Elf:1    | Upgraded the game from 0.32-a0-711-g016ad743e0 to
                  | 0.32-a0-732-ga344392067
 45076 | Elf:1    | Reached XP level 20. HP: 143/143 MP: 0/0
 45222 | Elf:1    | XOM: summons 1 hostile demon
 45677 | Elf:2    | XOM: give mutations
 45677 | Elf:2    | Gained mutation: You are agile. (Dex +4, Str/Int -1) [Xom's
                  | mischief]
 45677 | Elf:2    | Gained mutation: Armour fits poorly on your strangely
                  | shaped body. [Xom's mischief]
 45677 | Elf:2    | Gained mutation: You are robust. (+10% HP) [Xom's mischief]
 45786 | Elf:2    | XOM: divination: detect creatures
 45892 | Elf:2    | Found a runed translucent gate.
 45893 | Elf:2    | Found a runed translucent gate.
 45893 | Elf:2    | Found a runed translucent gate.
 46355 | Elf:2    | XOM: 1-stop teleportation journey
 46492 | Elf:2    | XOM: give mutations
 46492 | Elf:2    | Gained mutation: You are extremely vulnerable to cold.
                  | (rC---) [Xom's mischief]
 46492 | Elf:2    | Gained mutation: You occasionally lose the ability to drink
                  | potions when taking damage. [Xom's mischief]
 46492 | Elf:2    | Lost mutation: You occasionally lose the ability to drink
                  | potions when taking damage. [Xom's mischief]
 46509 | Elf:2    | XOM: blink monster(s)
 46522 | Elf:2    | Lost mutation: You have sharp fingernails. [potion of
                  | mutation]
 46522 | Elf:2    | Lost mutation: Your mind is acute. (Int +4, Str/Dex -1)
                  | [potion of mutation]
 46522 | Elf:2    | Lost mutation: Your spells are a little harder to cast, but
                  | a little more powerful. [potion of mutation]
 46522 | Elf:2    | Gained mutation: You are strong-willed. (Will+) [potion of
                  | mutation]
 46522 | Elf:2    | Gained mutation: You are mostly covered in iridescent
                  | scales. (AC +4) [potion of mutation]
 47004 | Elf:2    | XOM: give mutations
 47004 | Elf:2    | Gained mutation: Your health recovers twice as slowly from
                  | being drained. [Xom's mischief]
 47004 | Elf:2    | Gained mutation: Your mind is acute. (Int +4, Str/Dex -1)
                  | [Xom's mischief]
 47076 | Elf:2    | XOM: summons 1 hostile demon
 47305 | Elf:2    | XOM: 1-stop teleportation journey
 47362 | Elf:2    | XOM: summons 2 hostile demons
 47525 | Elf:2    | XOM: give mutations
 47525 | Elf:2    | Gained mutation: You are weak. (Str -2) [Xom's mischief]
 47525 | Elf:2    | Lost mutation: You are strong-willed. (Will+) [Xom's
                  | mischief]
 47525 | Elf:2    | Lost mutation: You are extremely vulnerable to cold.
                  | (rC---) [Xom's mischief]
 47525 | Elf:2    | Lost mutation: You are robust. (+10% HP) [Xom's mischief]
 47652 | Elf:2    | XOM: summons friendly shadow imp
 47654 | Elf:2    | XOM: enchant monster (good)
 47677 | Elf:2    | XOM: scenery: 2 fountains blood, 3 doors close
 47752 | Elf:1    | XOM: god gift: +4 triple sword of electrocution
 47990 | Elf:2    | XOM: give mutations
 47990 | Elf:2    | Gained mutation: You have a pair of small antennae on your
                  | head. [Xom's grace]
 47990 | Elf:2    | Gained mutation: You are completely covered in iridescent
                  | scales. (AC +6) [Xom's grace]
 47990 | Elf:2    | Gained mutation: You are very agile. (Dex +8, Str/Int -2)
                  | [Xom's grace]
 47990 | Elf:2    | Gained mutation: You are partially covered in large bone
                  | plates. (SH +4) [Xom's grace]
 47992 | Abyss:4  | Cast into level 4 of the Abyss (+1 quick blade of
                  | distortion)
 48037 | Elf:2    | Escaped the Abyss
 48173 | Elf:2    | XOM: give mutations
 48173 | Elf:2    | Gained mutation: Your spells are a little harder to cast,
                  | but a little more powerful. [Xom's grace]
 48173 | Elf:2    | Gained mutation: You expend health (3 HP) to strengthen
                  | your wands. [Xom's grace]
 48173 | Elf:2    | Gained mutation: Your natural rate of healing is unusually
                  | fast. [Xom's grace]
 48173 | Elf:2    | Lost mutation: You are weak. (Str -2) [Xom's grace]
 48194 | Elf:2    | Noticed Asterion
 48201 | Elf:2    | XOM: polymorph deep elf knight -> meliai
 48203 | Elf:2    | XOM: enchant monster (good)
 48204 | Elf:2    | XOM: summons 16 friendly demons
 48208 | Elf:2    | XOM: smoke on damage
 48208 | Elf:2    | XOM: scenery: summon butterflies
 48283 | Elf:2    | Reached skill level 14 in Dodging
 48283 | Elf:2    | Reached skill level 10 in Shields
 48290 | Elf:2    | Killed Asterion
 48468 | D:10     | You paid a toll of a +6 demon trident to enter a treasure
                  | trove
 48469 | Trove    | Entered a treasure trove
 48840 | Elf:2    | XOM: give mutations
 48840 | Elf:2    | Gained mutation: Your flesh is almost immune to the effects
                  | of heat. (rF+++) [Xom's grace]
 48840 | Elf:2    | Gained mutation: Your spells are harder to cast, but more
                  | powerful. [Xom's grace]
 48895 | Elf:3    | Entered Level 3 of the Elven Halls
 49069 | Elf:3    | XOM: fog
 49088 | Elf:3    | XOM: silly message
 49263 | Elf:3    | Reached skill level 1 in Shapeshifting
 49411 | Elf:3    | XOM: enchant monster (good)
 49477 | Elf:3    | Identified the +4 ring mail of the Teacher {Rampage Will-
                  | Stlth+}
 49486 | Elf:3    | XOM: polymorph deep elf blademaster -> spark wasp
 49487 | Elf:3    | XOM: cleaving
 49489 | Elf:3    | Reached XP level 21. HP: 126/150 MP: 0/0
 49489 | Elf:3    | Learned a level 7 spell: Haunt
 49573 | Elf:3    | Noticed a Brimstone Fiend
 49775 | Elf:3    | Identified the +7 quarterstaff of the Sneaky Brambles
                  | {venom, rElec Dex+2}
 49802 | Elf:3    | Identified the +9 great sword "Tisk" {drain, rC++ rCorr
                  | Dex-2 Stlth+}
 49802 | Elf:3    | Identified the +1 leather armour of the Gloaming {-Tele
                  | rF+++ rC+ Str+2}
 49814 | Elf:3    | Identified the +5 kite shield "Ryxux" {rF+ Int+3 Slay+3
                  | SInv}
 49831 | Elf:3    | Identified the +8 sling of Doom {freeze, rC+ Str-3 Dex+5}
 49833 | Elf:3    | Identified the staffconjuration "Piyse" {*Slow rC+ Str+2
                  | Conj Ice}
 50102 | D:11     | XOM: noise
 50175 | Vaults:1 | Entered Level 1 of the Vaults
 50194 | Vaults:1 | Found Daimpupn's Distillery.
 50202 | Vaults:1 | Bought a potion of curing for 60 gold pieces
 50202 | Vaults:1 | Bought a potion of curing for 60 gold pieces
 50202 | Vaults:1 | Bought a potion of might for 80 gold pieces
 50202 | Vaults:1 | Bought a potion of might for 80 gold pieces
 50202 | Vaults:1 | Bought a potion of mutation for 160 gold pieces
 50325 | Vaults:1 | Found Hyuluul's Distillery.
 50325 | Vaults:1 | XOM: 3-stop teleportation journey
 50327 | Vaults:1 | XOM: potion effect (brilliance)
 50329 | Vaults:1 | XOM: cast spell 'Leda's Liquefaction'
 50375 | Vaults:1 | Found Xiunk's Armour Boutique.
 50424 | Vaults:1 | Identified the +2 robe of Fedhas's Respect {Int+9 Stlth-}
 50424 | Vaults:1 | Noticed Boris
 50428 | Vaults:1 | XOM: potion effect (curing)
 50429 | Vaults:1 | XOM: enchant monster (good)
 50431 | Vaults:1 | XOM: torment (60/150 hp)
 50431 | Vaults:1 | Killed Boris
 50507 | Vaults:1 | XOM: give mutations
 50507 | Vaults:1 | Lost mutation: You are very agile. (Dex +8, Str/Int -2)
                  | [Xom's mischief]
 50507 | Vaults:1 | Lost mutation: You have a pair of small antennae on your
                  | head. [Xom's mischief]
 50511 | Vaults:1 | XOM: give mutation
 50511 | Vaults:1 | Lost mutation: You are agile. (Dex +4, Str/Int -1) [Xom's
                  | mischief]
 50635 | Vaults:1 | Found Osoawnaz's General Store.
 50681 | Vaults:1 | XOM: blink monster(s)
 50746 | Vaults:1 | Bought a potion of mutation for 120 gold pieces
 50746 | Vaults:1 | Bought a potion of curing for 45 gold pieces
 50746 | Vaults:1 | Bought a potion of berserk rage for 75 gold pieces
 50768 | Vaults:1 | Found Rusmihol's Antique Weapon Shoppe.
 50872 | Vaults:1 | XOM: enchant monster (bad)
 50939 | Vaults:1 | XOM: chaos upgrade
 50979 | Vaults:1 | Found a transporter.
 50991 | Vaults:1 | Found a transporter.
 51349 | Vaults:2 | XOM: enchant monster (good)
 51355 | Vaults:2 | XOM: blink monster(s)
 51404 | Vaults:2 | XOM: cloud trail
 51415 | Vaults:2 | Identified the +3 robe "Plog" {Fly rElec Stlth-}
 51415 | Vaults:2 | Noticed Boris
 51415 | Vaults:2 | XOM: 1-stop teleportation journey
 51433 | Vaults:2 | Killed Boris
 51515 | Vaults:2 | Identified the +0 pair of boots "Fariploe" {rN+ Str+5}
 51936 | Vaults:2 | XOM: polymorph ironbound frostheart -> glowing shapeshifter
 52073 | Vaults:2 | XOM: give mutations
 52073 | Vaults:2 | Lost mutation: Your spells are harder to cast, but more
                  | powerful. [Xom's mischief]
 52073 | Vaults:2 | Lost mutation: You possess an exceptional clarity of mind.
                  | [Xom's mischief]
 52073 | Vaults:2 | Lost mutation: You are partially covered in large bone
                  | plates. (SH +4) [Xom's mischief]
 52073 | Vaults:2 | Lost mutation: Armour fits poorly on your strangely shaped
                  | body. [Xom's mischief]
 52273 | Vaults:2 | Found Hyhinomu's Armour Boutique.
 52277 | Vaults:2 | XOM: noise
 52429 | Vaults:2 | XOM: god gift: +6 ring of strength
 52450 | Vaults:2 | XOM: give mutation
 52450 | Vaults:2 | Gained mutation: You passively map a small area around you.
                  | [Xom's grace]
 52520 | Vaults:3 | XOM: summons friendly white imp
 52531 | Vaults:3 | XOM: summons friendly white imp
 52874 | Vaults:3 | XOM: 2-stop teleportation journey
 52875 | Vaults:3 | XOM: summons 2 friendly demons
 52899 | Vaults:3 | Reached skill level 15 in Dodging
 52989 | Vaults:3 | XOM: enchant monster (good)
 52993 | Vaults:3 | Reached XP level 22. HP: 80/158 MP: 0/0
 52999 | Vaults:3 | XOM: polymorph ironbound thunderhulk -> shapeshifter
 53005 | Vaults:3 | XOM: polymorph azure jelly -> shapeshifter
 53019 | Vaults:2 | XOM: silly message
 53166 | Vaults:3 | XOM: summons friendly quasit
 53342 | Vaults:3 | XOM: enchant monster (bad)
 53362 | Vaults:3 | XOM: cast spell 'Death Channel'
 53566 | Vaults:3 | Reached skill level 5 in Shapeshifting
 53699 | Vaults:3 | Identified the +2 robe "Aveann" {rPois Slay-3 SInv}
 53699 | Vaults:3 | Noticed Boris
 53708 | Vaults:3 | Killed Boris
 54166 | Vaults:3 | Found a staircase to the Crypt.
 54172 | Crypt:1  | Entered Level 1 of the Crypt
 54232 | Crypt:1  | XOM: 1-stop teleportation journey
 54503 | Crypt:1  | XOM: 1-stop teleportation journey
 54517 | Crypt:1  | XOM: polymorph death knight -> anaconda
 54520 | Crypt:1  | XOM: swap monsters
 54547 | Crypt:1  | XOM: blink monster(s)
 54577 | Crypt:1  | XOM: enchant monster (bad)
 54596 | Crypt:1  | XOM: blink monster(s)
 54628 | Crypt:1  | XOM: stat loss: -1 Str (6/7)
 54783 | Crypt:1  | Identified the +0 shortbow of the Shore {freeze, rElec rC-
                  | rN++ Str+2}
 55139 | Crypt:2  | XOM: enchant monster (good)
 55168 | Crypt:1  | XOM: butterfly on damage
 55170 | Crypt:1  | Killed from afar by an ancient champion

Illustrated notes

Levels and vault maps discovered:
D:1:      dpeg_arrival_tiny_d, layout_loops_ring,
          shapermc_ecumenical_altar_hornbeckon, serial_shops,
          nicolae_shop_window_shopping
D:2:      layout_loops_cross, kennysheep_cluttered_room, supply_closet_lemuel,
          dk_vineyard_1
D:3:      layout_basic, lemuel_round_altar, overflow_temple_1_default, uniq_ijyb
D:4:      layout_loops_ring, mainiacjoe_overflow_cross_hatched
D:5:      layout_basic, lemuel_coloured_pillars_altar, gup_sewer_entry_glass,
          grunt_ministairs_3
D:6:      layout_basic, mainiacjoe_overflow_boulevard, lemuel_doored_altar,
          minmay_temple_entry_drinking_statues, serial_shops,
          nicolae_shop_rolled_up, nicolae_shop_behind_doors,
          nicolae_shop_gaudy_bauble, kennysheep_little_box,
          nicolae_shop_tiny_waterfront, nicolae_zen_rock_garden, minivault_23,
          uniq_jeremiah, uniq_sigmund
D:7:      layout_basic, zin_academy, demons_altar, okawaru_altar_gauntlet_db,
          serial_demonic, serial_demonic_a, serial_demonic_e, serial_demonic_g,
          serial_demonic_g, kennysheep_generic_room_14
D:8:      layout_loops_corners, nicolae_ru_the_path_less_chosen,
          lair_entry_dummy, enter_bailey_3
D:9:      layout_long_grid, mainiacjoe_overflow_swirl, special_room
          [special_room_orc], minivault_16
D:10:     layout_roguey, enter_trove_0, nicolae_eternal_life
D:11:     layout_stronghold, david_orc_4, uniq_grum
D:12:     hangedman_screamer, layout_gridville, minmay_misc_feat_roman,
          laboratory, uniq_sonja
D:13:     minmay_crescents, layout_loops_ring, ximxim_vaults_locker_room,
          uniq_urug
D:14:     layout_long_grid, nicolae_wwwww, ebering_ghost_inner_flame, uniq_lodul
D:15:     hellmonk_depths_entry_around_the_bend, layout_long_grid,
          serial_library_hellmonk_semicircle, serial_shops, shop, uniq_jorgrun
Lair:1:   layout_small_grid, serial_bayou_pond_e, uniq_fannar, uniq_amaemon
Lair:2:   layout_regular_city, minmay_snake_entry_spellcaster,
          gammafunk_ghost_ooze
Lair:3:   layout_cave_pods, minmay_shoals_entry_beasts, uniq_josephine
Lair:4:   layout_hall_layers, dpeg_slime_entry_corner
Lair:5:   cheibrodos_lair_end_hotspot, layout_regular_city, lemuel_fruit_fields
Snake:1:  layout_misc_corridors, portal_ice_cave_entry_frozen_things,
          uniq_roxanne
Snake:2:  layout_basic, serial_shops, nicolae_square_shop, minmay_shop_grove
Snake:3:  layout_cave_shapes, drop_trap
Snake:4:  snake_pit_salamanders_mu, layout_cave_town, serial_shops,
          nicolae_diamond_shop
Orc:1:    layout_caves, serial_shops, nicolae_shop_pleasant_corner_grove,
          nicolae_orc_beogh_chapel
Orc:2:    st_orc_town, layout_diamond_mine, enter_volcano_1
Elf:1:    minmay_elf_arrival_circle, layout_gridlike,
          nicolae_elf_blasts_and_bolts, grunt_megastairs_2, minmay_shoptagon
Elf:2:    nicolae_elf_blades_crystal_corner, layout_geoelf_octagon,
          serial_library_regret_index_boxing, nicolae_elf_v_pinch, minivault_26,
          uniq_asterion
Elf:3:    minmay_elf_hall, layout_geoelf_grid, nicolae_elf_big_sculpture_3
Vaults:1: vaults_room_stairs_pillars, vaults_mumra_hex, vaults_room_boxed,
          v_misc_29, gammafunk_sealed_arena, vaults_room_large_hall,
          nicolae_vaults_offset_grid_hallway_3, grunt_vaults_hallway_long,
          nicolae_vaults_double_plus_2, nicolae_vaults_mitosis,
          vaults_room_door_ring, nicolae_vaults_little_squares_6,
          vaults_room_grid, nicolae_vaults_sesquioval_fish, vaults_room_hallway,
          nicolae_vaults_tetromino_Z_1, layout_vaults_ring, serial_shops, shop,
          shop, shop, nicolae_shop_tiny_waterfront, shop, uniq_boris
Vaults:2: hangedman_vaults_snaps, ontoclasm_vaults_gateway,
          hangedman_vaults_impose, nicolae_vaults_taking_the_gang_shopping,
          nicolae_vaults_tetromino_L_1, layout_vaults_omnigrid
Vaults:3: vaults_room_pools, nicolae_vaults_more_shelving_2,
          hangedman_vaults_nails, blue_anna_dwarven_crypt,
          nicolae_vaults_little_squares_5, vaults_mumra_minichess,
          nicolae_vaults_two_Ls, nicolae_vaults_sesquioval_fish, v_misc_1,
          nicolae_vaults_closet_pinwheel_2, vaults_dpeg_spiral,
          nicolae_vaults_rhombus_7, vaults_room_glass_cross,
          layout_vaults_omnibox
Crypt:1:  layout_chaotic_city, grunt_ministairs_6
Crypt:2:  layout_gridlike, uniq_vv

Skill      XL: |  1  2  3  4  5  6  7  8  9 10 11 12 13 14 15 16 17 18 19 20 21 22 |
---------------+-------------------------------------------------------------------+-----
Spellcasting   | 1 2 3 4 5 6 7 8 9 10 11 12 13 14 | 14.5
Conjurations   | 1 2 3 4 5 6 7 8 9 10 11 12 13 14 | 14.5
Hexes          | 1 2 3 4 5 6 7 8 9 10 11 12 13 14 | 14.5
Summonings     | 1 2 3 4 5 6 7 8 9 10 11 12 13 14 | 14.5
Necromancy     | 1 2 3 4 5 6 7 8 9 10 11 12 13 14 | 14.5
Translocations | 1 2 3 4 5 6 7 8 9 10 11 12 13 14 | 14.5
Fire Magic     | 1 2 3 4 5 6 7 8 9 10 11 12 13 14 | 14.5
Ice Magic      | 1 2 3 4 5 6 7 8 9 10 11 12 13 14 | 14.5
Air Magic      | 1 2 3 4 5 6 7 8 9 10 11 12 13 14 | 14.5
Earth Magic    | 1 2 3 4 5 6 7 8 9 10 11 12 13 14 | 14.5
Alchemy        | 1 2 3 4 5 6 7 8 9 10 11 12 13 14 | 14.5
Long Blades    | 3 4 5 6 7 8 9 10 11 12 13 | 13.4
Armour         | 2 3 4 5 6 7 8 9 10 11 12 13 14 | 14.3
Dodging        | 3 4 5 6 7 8 9 10 11 12 13 14 15 | 15.6
Fighting       | 4 5 6 7 8 9 10 11 12 13 14 | 14.5
Evocations     | 1 4 6 7 9 10 12 13 | 13.7
Shields        | 2 6 9 10 11 12 | 12.3
Shapeshifting  | 2 4 5 |  5.8

Action                     |  1- 3 |  4- 6 |  7- 9 | 10-12 | 13-15 | 16-18 | 19-21 | 22-24 || total
---------------------------+-------+-------+-------+-------+-------+-------+-------+-------++-------
  Melee: Falchion          |    55 |    80 |   456 |       |       |       |       |       ||   591
         Headbutt          |     1 |    16 |    80 |    67 |       |       |    89 |       ||   253
         Unarmed           |       |       |    11 |       |       |       |       |       ||    11
         Long sword        |       |       |     7 |   156 |       |       |       |       ||   163
         Scimitar          |       |       |       |   447 |   568 |  1396 |   865 |   421 ||  3697
         Peck              |       |       |       |       |   107 |   391 |       |       ||   498
   Cast: Summon Mana Viper |       |       |       |       |    11 |    24 |     8 |     4 ||    47
         Irradiate         |       |       |       |       |     3 |    20 |    39 |     9 ||    71
         Blink             |       |       |       |       |     1 |       |       |     2 ||     3
         Eringya's Noxious |       |       |       |       |       |    21 |    44 |     8 ||    73
         Gell's Gravitas   |       |       |       |       |       |       |    33 |       ||    33
  Evoke: Wand              |       |       |     3 |     4 |     1 |     3 |    22 |    13 ||    46
         Lightning rod     |       |       |       |     4 |       |     8 |     9 |     4 ||    25
         Phial of floods   |       |       |       |       |     1 |     1 |     2 |     1 ||     5
    Use: Potion            |     1 |       |       |     1 |     4 |     6 |     4 |     1 ||    17
         Scroll            |       |     3 |     8 |     5 |    13 |     4 |    13 |     2 ||    48
   Stab: Confused          |       |       |     3 |     6 |     3 |     2 |       |     2 ||    16
         Paralysed         |       |       |     3 |       |       |     5 |     2 |       ||    10
         Sleeping          |       |       |     6 |     3 |       |       |       |       ||     9
         Held in net/web   |       |       |     1 |       |       |       |       |       ||     1
         Distracted        |       |       |       |     1 |     2 |     3 |     2 |       ||     8
         Invisible         |       |       |       |       |       |     3 |       |       ||     3
         Betrayed ally     |       |       |       |       |       |     1 |       |       ||     1
         Petrifying        |       |       |       |       |       |       |     3 |       ||     3
         Petrified         |       |       |       |       |       |       |     1 |       ||     1
 Armour: Leather armour    |    22 |    43 |   158 |    72 |       |       |       |       ||   295
         Skin              |       |       |     1 |       |       |       |       |       ||     1
         Ring mail         |       |       |       |   279 |   444 |   909 |   517 |   189 ||  2338
  Dodge: Dodged            |    28 |    73 |   383 |   735 |   764 |  1463 |   462 |   140 ||  4048
  Block: Other             |     1 |    18 |    94 |    71 |       |       |       |       ||   184
         Reflection        |       |       |     2 |     5 |       |    20 |   114 |    19 ||   160
         Buckler           |       |       |       |       |       |   299 |   420 |       ||   719
         Kite shield       |       |       |       |       |       |       |   321 |   523 ||   844

Table legend: (Time is in decaauts)
 A = Elapsed time spent in this place.
 B = Non-inter-level travel time spent in this place.
 C = Inter-level travel time spent in this place.
 D = Time resting spent in this place.
 E = Time spent auto-exploring this place.
 F = Levels seen in this place.
 G = Mean time per level.
                   A        B        C        D        E       F      G
               +--------+--------+--------+--------+--------+-----+--------+
         Total |  55022 |  52519 |   2503 |  16989 |  25260 |  39 | 1410.8 |
       Dungeon |  25899 |  24484 |   1415 |  10119 |  10812 |  15 | 1726.6 |
          Lair |   6917 |   6420 |    497 |    948 |   3673 |   5 | 1383.4 |
     Snake Pit |   6795 |   6649 |    146 |   2368 |   3161 |   4 | 1698.8 |
  Orcish Mines |   1731 |   1602 |    129 |    377 |    798 |   2 |  865.5 |
   Elven Halls |   6167 |   5944 |    223 |   1947 |   2676 |   3 | 2055.7 |
        Vaults |   4025 |   3971 |     54 |    458 |   2583 |   3 | 1341.7 |
         Crypt |    920 |    884 |     36 |      0 |    489 |   2 |  460.0 |
         Abyss |     43 |     43 |      0 |      0 |      0 |   1 |   43.0 |
         Trove |     59 |     59 |      0 |      0 |      0 |   1 |   59.0 |
         Sewer |    796 |    796 |      0 |      0 |    554 |   1 |  796.0 |
        Bailey |   1652 |   1652 |      0 |    771 |    514 |   1 | 1652.0 |
      Ice Cave |     12 |     12 |      0 |      0 |      0 |   1 |   12.0 |
               +--------+--------+--------+--------+--------+-----+--------+

Top non-repeatable levels by time:
     D:1: 9155 daAuts
 Snake:4: 3175 daAuts
   Elf:2: 2552 daAuts
   Elf:1: 2519 daAuts
  Bailey: 1652 daAuts
Vaults:3: 1602 daAuts
    D:12: 1527 daAuts
  Lair:4: 1497 daAuts
    D:13: 1492 daAuts
  Lair:2: 1468 daAuts
 Snake:2: 1433 daAuts
   Orc:2: 1429 daAuts
  Lair:1: 1422 daAuts
    D:11: 1399 daAuts
     D:7: 1304 daAuts
